 Dungeon Crawl Stone Soup version 0.22-a0-422-g9628fc87f1 (webtiles) character file.

44 Kriby the Ducker (level 3, -9/18 HPs)
             Began as a Spriggan Gladiator on May 19, 2018.
             Mangled by Sigmund
             ... wielding a +0 scythe
              (13 damage)
             ... on level 2 of the Dungeon.
             The game lasted 00:01:26 (1479 turns).

Kriby the Ducker (Spriggan Gladiator)               Turns: 1479, Time: 00:01:27

Health: -9/18      AC:  2    Str: 14    XL:     3   Next: 41%
Magic:  4/4        EV: 20    Int:  9    God:
Gold:   138        SH:  0    Dex: 17    Spells: 2/2 levels left

rFire    . . .     SeeInvis +   a - +0 quarterstaff
rCold    . . .     Gourm    .   (shield currently unavailable)
rNeg     . . .     Faith    .   b - +0 robe
rPois    .         Spirit   .   c - +0 hat
rElec    .         Reflect  .   (no cloak)
rCorr    .         Harm     .   (gloves unavailable)
MR       .....                  (boots unavailable)
Stlth    ++........             (no amulet)
HPRegen  0.06/turn              h - +3 ring of strength
MPRegen  0.09/turn              (no ring)

@: hasted, very quick
A: very small, unfitting armour, see invisible, herbivore, speed 3, slow
metabolism 2
a: no special abilities


You were on level 2 of the Dungeon.
You were not hungry.

You visited 1 branch of the dungeon, and saw 2 of its levels.

You collected 138 gold pieces.

Inventory:

Hand Weapons
 a - a +0 quarterstaff (weapon)
Missiles
 d - 3 throwing nets (quivered)
Armour
 b - a +0 robe (worn)
 c - a +0 hat (worn)
Jewellery
 h - a +3 ring of strength (left hand)
Scrolls
 g - 2 scrolls of identify {unknown}
 i - a scroll of amnesia {unknown}
 j - a scroll of fog {unknown}
Potions
 k - a potion of flight {unknown}
 l - a potion of might {unknown}
 m - a potion of cancellation {unknown}
 n - a potion of curing {unknown}
 o - 2 potions of heal wounds {unknown}
Comestibles
 f - 3 rations {@e1}


   Skills:
 + Level 2.2 Fighting
 + Level 2.6 Staves
 - Level 2.0 Throwing
 + Level 1.1 Armour
 - Level 4.4 Dodging


You had 2 spell levels left.
You didn't know any spells.
Your spell library was empty.

Dungeon Overview and Level Annotations

Branches:
Dungeon (2/15)

Altars:

Annotations:
D:2 Sigmund


Innate Abilities, Weirdness & Mutations

You are very small and have problems with some larger weapons.
You are too small for most types of armour.
You have supernaturally acute eyesight. (SInv)
You are a herbivore.
You cover ground extremely quickly.
You need to consume almost no food.


Message History

You bump into the rock wall.
Sigmund laughs darkly.
Sigmund completely misses you.
You feel less confused.
You barely miss Sigmund.
Sigmund is severely wounded.
Sigmund closely misses you.
You hit Sigmund.
Sigmund is severely wounded.
You hit Sigmund.
Sigmund is almost dead.
Sigmund barely misses you.
You barely miss Sigmund.
Sigmund is almost dead.
You barely miss Sigmund.
Sigmund is almost dead.
Sigmund laughs darkly.
Sigmund hits you with a scythe!
Ouch! That really hurt!
You die...

#.# #.# #.#
##.###
#..#.##
#.#...###
#####........
#.........#
#@###.##..#
#@# #.#.#.#
## #.#
#.....# #.
#.#####.#.#
##
#.........# #
#######.### #
#.# ## #.#
######. #.#
#......


You could see Sigmund (invisible).

Vanquished Creatures
  An adder (D:2)
  An ooze (D:1)
  A worm (D:2)
  A leopard gecko (D:1)
  2 giant cockroaches
  4 goblins
  5 hobgoblins
  2 kobolds
  6 bats
  A frilled lizard (D:2)
24 creatures vanquished.

Notes
Turn   | Place    | Note
-------+----------+-------------------------------------------
     0 | D:1      | Kriby the Spriggan Gladiator began the quest for the Orb.
     0 | D:1      | Reached XP level 1. HP: 10/10 MP: 2/2
   243 | D:1      | Reached XP level 2. HP: 15/15 MP: 3/3
   697 | D:2      | Reached skill level 1 in Armour
   697 | D:2      | Reached XP level 3. HP: 18/18 MP: 4/4
  1464 | D:2      | Noticed Sigmund
  1479 | D:2      | Mangled by Sigmund

Vault maps used:
D:1:      minmay_arrival_wavy_path
D:2:      first_ration, kennysheep_generic_room_10, uniq_crazy_yiuf_cottage,
          uniq_sigmund

Skill      XL: |  1  2 |
---------------+-------+-----
Fighting       | 2 |  2.2
Armour         | 1 |  1.1
Staves         | |  2.6
Throwing       | |  2.0
Dodging        | |  4.4

Action                   || total
-------------------------++-------
Melee: Quarterstaff      ||    86
  Use: Potion            ||     1
 Stab: Sleeping          ||     5
Armor: Robe              ||     6
Dodge: Dodged            ||    72

Table legend:
 A = Spawn XP
 B = Non-spawn XP
 C = Spawn XP percentage of total XP
 D = Spawn monster count
 E = Non-spawn monster count
 F = Spawn count percentage of total count
 G = Total turns spent on level
                    A         B        C        D         E        F      G
               +---------+---------+-------+---------+---------+-------+---------
         Total |       0 |      64 |   0.0 |       0 |      24 |   0.0 |  1479
               +---------+---------+-------+---------+---------+-------+---------
           D:1 |       0 |      31 |   0.0 |       0 |      14 |   0.0 |   676
           D:2 |       0 |      33 |   0.0 |       0 |      10 |   0.0 |   803
               +---------+---------+-------+---------+---------+-------+---------
